AoeStats
← funebrerosz

Arabia

510169916Analyzed
1v1 RM · 3d ago on Sep 29, 2026· 52m 50s· 2 players
Game mode
Random Map
Map size
Tiny (2 player)
Population
200
Speed
Normal
Resources
Standard
Victory
Conquest
Starting age
Dark Age
Ending age
Imperial Age
RankedLock teamsTeams togetherTeam positionsShared explorationLock speedFull tech treeHidden civsTurbo modeCheats
Victory
Defeat
🇦🇷 Franks · Argentina
407
+18
🇩🇪 Malians · Germany
441
-18
funebrerosz
4:13 Loom
10:42 Feudal Age
11:10 Double-Bit Axe
22:07 Castle Age
20:47 Gold Mining
20:50 Stone Mining
21:12 Forging
22:05 Scale Barding Armor
23:25 Bow Saw
30:20 Chain Barding Armor
30:36 Iron Casting
31:54 Scale Mail Armor
36:37 Imperial Age
36:11 Chain Mail Armor
37:02 Light Cavalry
37:14 Cavalier
42:09 Blast Furnace
41:46 Plate Barding Armor
41:24 Paladin
44:57 Plate Mail Armor
Daninassa
0:26 Loom
13:41 Feudal Age
14:59 Double-Bit Axe
14:58 Horse Collar
15:50 Gold Mining
15:50 Stone Mining
15:48 Town Watch
16:39 Wheelbarrow
22:47 Castle Age
23:48 Bow Saw
23:42 Heavy Plow
24:21 Gold Shaft Mining
24:22 Stone Shaft Mining
29:22 Fortified Wall
31:31 Hand Cart
32:13 Town Patrol
33:50 Padded Archer Armor
33:41 Fletching
34:02 Forging
33:52 Scale Mail Armor
33:58 Scale Barding Armor
37:57 Imperial Age
36:20 Tigui
37:27 Ballistics
36:57 Guard Tower
37:03 Murder Holes
37:22 Masonry
39:12 Sappers
40:03 Conscription
39:45 Farimba
40:21 Hoardings
39:07 Elite Gbeto
39:43 Onager
39:45 Capped Ram
43:08 Thumb Ring
42:24 Crossbowman
43:40 Arbalester
46:06 Crop Rotation
46:06 Leather Archer Armor
45:46 Bodkin Arrow
46:27 Iron Casting
46:07 Chain Mail Armor
46:13 Chain Barding Armor
48:04 Elite Skirmisher
50:17 Architecture
50:48 Chemistry
49:30 Treadmill Crane
52:52 Ring Archer Armor
52:53 Plate Mail Armor
Connection lost

Rejoining the realm…

Still unreachable

The connection could not be restored.

Session expired

The server has moved on; the page needs a fresh start.